 Dungeon Crawl Stone Soup version 0.29-a0-648-g6b26cc9f40 (webtiles) character file.

Game seed: 1270354687842475182

877 miscthings the Destroyer (level 8, 0/57 HPs)
             Began as a Meteoran Conjurer on June 21, 2022.
             Killed from afar by Maggie (22 damage)
             ... with a bolt of fire
             ... on level 6 of the Dungeon.
             The game lasted 00:09:30 (3024 turns).

miscthings the Destroyer (Meteoran Conjurer)        Turns: 3024, Time: 00:09:30

Health: 0/57       AC:  6    Str: 10    XL:     8   Next: 49%
Magic:  1/18       EV: 12    Int: 21    God:
Gold:   252        SH:  0    Dex: 18    Spells: 8/19 levels left

rFire   . . .      SeeInvis .   r - +0 dagger
rCold   . . .      Faith    .   (no shield)
rNeg    . . .      Spirit   .   j - +0 leather armour {rPois}
rPois   +          Reflect  .   (no helmet)
rElec   .          Harm     .   (no cloak)
rCorr   .          Rampage  .   (no gloves)
Will    +....                   v - +2 pair of boots
Stlth   +.........              y - amulet of regeneration
HPRegen 0.99/turn               k - ring of wizardry
MPRegen 0.16/turn               u - +6 ring of dexterity

@: glowing
A: sense surroundings 1, otherworldly, glowing, explore regen
a: no special abilities


You were on level 6 of the Dungeon.
You visited 1 branch of the dungeon, and saw 6 of its levels.

You collected 252 gold pieces.

Inventory:

Hand Weapons
 r - a +0 dagger (weapon)
Missiles
 C - a throwing net
Armour
 a - a +0 robe
 j - a +0 leather armour of poison resistance (worn)
 v - a +2 pair of boots (worn)
Jewellery
 k - a ring of wizardry (left hand)
 u - a +6 ring of dexterity (right hand)
 y - an amulet of regeneration (around neck)
 B - an amulet of magic regeneration
Wands
 A - a wand of polymorph (4)
Scrolls
 d - a scroll of immolation {unknown}
 e - 3 scrolls of teleportation
 g - a scroll of enchant armour
 h - a scroll of vulnerability
 p - 2 scrolls of identify {@r1}
 s - a scroll of acquirement {unknown}
 w - a scroll of fog
 x - a scroll of poison {unknown}
 z - a scroll of torment {unknown}
 D - a scroll of amnesia {unknown}
Potions
 b - a potion of magic
 i - a potion of cancellation
 l - a potion of curing
 m - a potion of heal wounds
 n - 2 potions of might
 o - a potion of mutation
 q - 2 potions of brilliance
 t - a potion of attraction


   Skills:
 - Level 2.0 Throwing
 - Level 2.4 Dodging
 - Level 1.4 Stealth
 + Level 6.0 Spellcasting
 * Level 9.6 Conjurations
 + Level 1.5 Hexes
 + Level 1.5 Translocations


You had 8 spell levels left.
You knew the following spells:

 Your Spells              Type           Power      Damage    Failure   Level
a - Searing Ray           Conj           94%        2d7       1%          2
b - Magic Dart            Conj           100%       1d8       1%          1
c - Fulminant Prism       Conj/Hex       14%        3d9       5%          4
e - Iskenderun's Mystic   Conj/Tloc      29%        2d7       5%          4

Your spell library contained the following spells:

 Spells                   Type           Power      Damage    Failure   Level
 Dazzling Flash           Conj/Hex       58%        N/A       1%          3


Dungeon Overview and Level Annotations

Branches:
Dungeon (6/15) Zot: 578
 Temple: D:4-7

Altars:
Kikubaaqudgha
Qazlal

Shops:
D:3 (   D:5 [

Annotations:
D:6 Maggie


Innate Abilities, Weirdness & Mutations

You passively map a small area around you.
You are easily found by Zot.
You glow in the dark.
You regain HP and MP as you explore.


Message History

You throw a curare-tipped dart. The curare-tipped dart hits Maggie.
Maggie is severely wounded.
Throw: 3 darts (curare)
Press: ? - help, Shift-Dir - straight line, f/p - Maggie
Aim: Maggie, wielding a +1 vampiric broad axe and wearing +0 swamp dragon scales (severely wounded, mesmerising, ally target, 65% to hit)
You throw a curare-tipped dart. The curare-tipped dart hits Maggie.
Maggie is severely wounded.
Your fulminant prism explodes!
The blast of energy engulfs Maggie.
Maggie is almost dead.
You hear a shout! x2
Throw: 2 darts (curare)
Press: ? - help, Shift-Dir - straight line, f/p - Maggie
Aim: Maggie, wielding a +1 vampiric broad axe and wearing +0 swamp dragon scales (almost dead, mesmerising, 65% to hit)
You throw a curare-tipped dart. The curare-tipped dart hits Maggie.
Maggie is almost dead.
Throw: dart (curare)
Press: ? - help, Shift-Dir - straight line, f/p - Maggie
Aim: Maggie, wielding a +1 vampiric broad axe and wearing +0 swamp dragon scales (almost dead, mesmerising, 65% to hit)
You throw a curare-tipped dart. The curare-tipped dart hits Maggie.
Maggie is almost dead.
Maggie misses you.
Okay, then.
You barely miss Maggie.
Maggie is almost dead.
Maggie hits you with a +1 vampiric broad axe!
Maggie draws strength from your wounds!
As you read the scroll of summoning, it crumbles to dust.
Wisps of shadow whirl around you...
Maggie hits you with a +1 vampiric broad axe!
Maggie draws strength from your wounds!
Maggie hits you with a +1 vampiric broad axe!
Maggie draws strength from your wounds!
You cannot move away from Maggie!
Your magical effects are unravelling.
You feel magically purged.
You break out of your daze.
Maggie casts a spell at you. The bolt of fire hits you!!
You die...

, * #'# ###.....#. , ,
#.#### #.......#.
,####....####.#.....#.
...#.......'..#.#.......
*
#.........#....#.......
######(####....#.#...##
#(# #....#.###.## , , *
#@# #)...#.# #...
#@####)...#+#####.
#5KKK......... #. , ,
##n..#........ #. *
#.###..#..... *## ,
######'###....#... , ,
,#..........#######
#..........#### *
#..........'..# *
#........[.##.#


You could see Maggie (ally target), a friendly kobold brigand (summoned), a
friendly necrophage (summoned), a friendly ufetubus (summoned) and 2 friendly
kobolds.

Vanquished Creatures
  Sigmund (D:2)
  An ice beast (D:3)
  2 ogres
  A scorpion (D:5)
  A necrophage (D:6)
  2 gnoll shamans
  2 orc wizards (D:4)
  2 adders
  13 gnolls
  4 worms
  A dart slug (D:3)
  2 orcs (D:4)
  4 bats
  7 endoplasms
  8 goblins
  4 hobgoblins
  2 jackals (D:1)
  4 kobolds
  2 quokkas (D:2)
  6 ball pythons
  4 rats
73 creatures vanquished.

Vanquished Creatures (collateral kills)
  An iguana (D:5)
1 creature vanquished.

Vanquished Creatures (others)
  10 fulminant prisms
10 creatures vanquished.

Grand Total: 84 creatures vanquished

Notes
Turn   | Place    | Note
-------+----------+-------------------------------------------
     0 | D:1      | miscthings the Meteoran Conjurer began the quest for the
                  | Orb.
     0 | D:1      | Reached XP level 1. HP: 14/14 MP: 5/5
    19 | D:1      | Reached skill level 5 in Conjurations
    57 | D:1      | Reached XP level 2. HP: 16/20 MP: 1/6
    60 | D:1      | Learned a level 2 spell: Searing Ray
   171 | D:1      | Found a faded altar of an unknown god.
   489 | D:2      | Reached XP level 3. HP: 26/26 MP: 5/8
   824 | D:2      | Noticed Sigmund
   854 | D:2      | Killed Sigmund
   855 | D:2      | Reached skill level 7 in Conjurations
   855 | D:2      | Reached XP level 4. HP: 20/33 MP: 6/11
   855 | D:2      | Reached XP level 5. HP: 23/38 MP: 6/12
   855 | D:2      | Reached XP level 6. HP: 28/45 MP: 6/13
  1260 | D:3      | Reached skill level 1 in Throwing
  1549 | D:3      | Found Ucyfriz's Antique Weapon Shoppe.
  1603 | D:3      | Found an ancient bone altar of Kikubaaqudgha.
  1702 | D:3      | Glimpsed the power of Zot.
  1714 | D:3      | Noticed an ice beast
  1726 | D:3      | Killed an ice beast
  1727 | D:3      | Reached skill level 8 in Conjurations
  1727 | D:3      | Reached XP level 7. HP: 9/50 MP: 0/15
  1752 | D:3      | Glimpsed the power of Zot.
  1826 | D:4      | Learned a level 4 spell: Fulminant Prism
  1831 | D:4      | Learned a level 4 spell: Iskenderun's Mystic Blast
  1844 | D:4      | Reached skill level 5 in Spellcasting
  2133 | D:5      | Entered Level 5 of the Dungeon
  2290 | D:5      | Found Mapsas's Armour Boutique.
  2622 | D:5      | Reached skill level 9 in Conjurations
  2658 | D:5      | Reached XP level 8. HP: 57/57 MP: 12/17
  2727 | D:5      | Found a stormy altar of Qazlal.
  2866 | D:6      | Reached skill level 1 in Hexes
  2866 | D:6      | Reached skill level 1 in Translocations
  3002 | D:6      | Noticed Maggie
  3024 | D:6      | Killed from afar by Maggie

Illustrated notes

Levels and vault maps discovered:
D:1:      lemuel_arrival_rhombus, layout_rooms,
          shapermc_ecumenical_altar_mp_ritualfount
D:2:      layout_basic, uniq_sigmund
D:3:      minmay_wonky_spiral, layout_loops_ring,
          nicolae_overflow_hidden_temple, serial_shops, shop, minmay_pentangle
D:4:      layout_cave_pools
D:5:      layout_basic, mainiacjoe_overflow_alcove_4, serial_shops,
          nicolae_shop_advertising_works [nicolae_subvault_shop_adworks],
          kennysheep_generic_room_13
D:6:      layout_basic, lemuel_tele_altar, uniq_maggie

Skill      XL: |  1  2  3  4  5  6  7  8 |
---------------+-------------------------+-----
Conjurations   | 5 7 8 9 |  9.6
Spellcasting   | 4 5 6 |  6.0
Throwing       | 1 2 |  2.0
Hexes          | 1 |  1.5
Translocations | 1 |  1.5
Dodging        | |  2.4
Stealth        | |  1.4

Action                   |  1- 3 |  4- 6 |  7- 9 || total
-------------------------+-------+-------+-------++-------
Melee: Unarmed           |     4 |     2 |       ||     6
       Dagger            |       |     1 |     2 ||     3
Throw: Dart              |       |       |     5 ||     5
 Cast: Magic Dart        |     9 |     3 |     2 ||    14
       Searing Ray       |    16 |    18 |    21 ||    55
       Fulminant Prism   |       |       |    10 ||    10
  Use: Scroll            |     5 |     4 |     5 ||    14
       Potion            |       |       |     1 ||     1
Armor: Robe              |     5 |     3 |       ||     8
       Leather armour    |       |     3 |     4 ||     7
Dodge: Dodged            |    15 |     7 |     5 ||    27

Table legend: (Time is in decaauts)
 A = Elapsed time spent in this place.
 B = Non-inter-level travel time spent in this place.
 C = Inter-level travel time spent in this place.
 D = Time resting spent in this place.
 E = Time spent auto-exploring this place.
 F = Levels seen in this place.
 G = Mean time per level.
                   A        B        C        D        E       F      G
               +--------+--------+--------+--------+--------+-----+--------+
         Total |   3020 |   2918 |    102 |      0 |   2213 |   6 |  503.3 |
       Dungeon |   3020 |   2918 |    102 |      0 |   2213 |   6 |  503.3 |
               +--------+--------+--------+--------+--------+-----+--------+

Top non-repeatable levels by time:
     D:3: 711 daAuts
     D:5: 681 daAuts
     D:2: 563 daAuts
     D:1: 487 daAuts
     D:4: 368 daAuts
     D:6: 208 daAuts
